 Dungeon Crawl Stone Soup version 0.30-a0-385-gfebfb9b408 (webtiles) character file.

Game seed: 13351421144353735682

252 avis the Chiller (level 5, -3/45 HPs)
             Began as a Demigod Ice Elementalist on Dec 2, 2022.
             Slain by a hornet (12 damage)
             ... on level 4 of the Dungeon on Dec 3, 2022.
             The game lasted 00:17:08 (3816 turns).

avis the Chiller (Demigod Ice Elementalist)         Turns: 3816, Time: 00:17:09

Health: -3/45      AC: 10    Str:  9    XL:     5   Next: 57%
Magic:  4/12       EV: 12    Int: 17    God:
Gold:   202        SH:  0    Dex: 18    Spells: 3/10 levels left

rFire   + . .      SeeInvis .    b - +2 sling (flame)
rCold   . . .      Faith    .    (no shield)
rNeg    + . .      Spirit   .    i - +0 robe
rPois   .          Reflect  .    r - +0 helmet
rElec   .          Harm     .    (no cloak)
rCorr   .          Rampage  .    (no gloves)
Will    .....                    A - +0 pair of boots
Stlth   ++........               (no amulet)
HPRegen 0.27/turn                w - ring of protection from fire
MPRegen 0.13/turn                x - ring of positive energy

@: lethally poisoned (-3 -> -14), ice-armoured, freezing walls, slowed, very
slow
A: high MP 1, forlorn, divine attributes
a: no special abilities


You were on level 4 of the Dungeon.
You visited 1 branch of the dungeon, and saw 4 of its levels.

You collected 202 gold pieces.

Inventory:

Hand Weapons
 a - a +0 dagger
 b - a +2 sling of flaming (weapon)
 h - a +0 club
 q - a +0 scimitar
 u - a +0 sling
 B - a +3 spear
 E - a +0 long sword
Missiles
 e - 5 boomerangs
 l - 4 poisoned darts
 o - 4 javelins
Armour
 g - a +0 ring mail of willpower
 i - a +0 robe (worn)
 r - a +0 helmet (worn)
 A - a +0 pair of boots (worn)
Magical Staves
 n - a staff of death
Jewellery
 s - a ring of flight
 w - a ring of protection from fire (left hand)
 x - a ring of positive energy (right hand)
 C - a ring of ice
 F - an amulet of guardian spirit
 H - an amulet of magic regeneration
 I - an amulet of the acrobat
Scrolls
 c - a scroll of noise {unknown}
 f - 3 scrolls of blinking {unknown}
 k - a scroll of summoning {unknown}
 m - a scroll of brand weapon {unknown}
 p - a scroll of identify {unknown}
 v - a scroll of immolation {unknown}
 y - 2 scrolls of teleportation {unknown}
 D - a scroll of poison {unknown}
 G - a scroll of fear {unknown}
 J - a scroll of vulnerability {unknown}
 M - a scroll of magic mapping {unknown}
Potions
 d - 3 potions of curing {unknown}
 j - 3 potions of haste {unknown}
 t - 2 potions of mutation {unknown}
 z - a potion of magic
 K - a potion of berserk rage {unknown}
 L - 2 potions of might {unknown}


   Skills:
 - Level 3.0 Fighting
 * Level 2.7 Ranged Weapons
 - Level 1.7 Dodging
 - Level 1.7 Stealth
 - Level 3.0 Spellcasting
 - Level 4.0 Ice Magic


You had 3 spell levels left.
You knew the following spells:

 Your Spells              Type           Power      Damage    Failure   Level
a - Freeze                Ice            64%        1d7       3%          1
o - Ozocubu's Armour      Ice            16%        N/A       10%         3
r - Frozen Ramparts       Ice            32%        1d5       10%         3

Your spell library contained the following spells:

 Spells                   Type           Power      Damage    Failure   Level
 Sandblast                Erth           4%         2d4       17%         1
 Hailstorm                Conj/Ice       9%         3d4       22%         3
 Summon Guardian Golem    Hex/Summ       2%         N/A       45%         3
 Ice Form                 Ice/Tmut       9%         N/A       58%         4
 Summon Ice Beast         Ice/Summ       9%         N/A       58%         4
 Simulacrum               Ice/Necr       4%         N/A       100%        6
 Orb of Destruction       Conj           1%         9d5       100%        7
 Spellforged Servitor     Conj/Summ      1%         N/A       100%        7


Dungeon Overview and Level Annotations

Branches:
Dungeon (4/15)
 Temple: D:4-7


Innate Abilities, Weirdness & Mutations

You have an increased reservoir of magic. (+10% MP)
You shall have no god before yourself.
Your divine heritage dramatically boosts your attributes as you level up.


Message History

You feel very sick.
The wall freezes the hornet but does no damage.
The hornet barely misses you.
The wall freezes the hornet but does no damage.
The hornet barely misses you.
The wall freezes the hornet but does no damage.
The hornet stings you but does no damage.
Fire: b) +2 sling (flame)
Press: ? - help, Q - select action, (/) - cycle Shift-Dir - straight line, f/p - hornet
Aim: a hornet (moderately wounded, 50% to hit)
You shoot a sling bullet.
The sling bullet closely misses the hornet.
The frozen ramparts melt away.
You feel sick.
The hornet stings you but does no damage.
The hornet stings you!
You feel yourself slow down.
Casting: Frozen Ramparts (dangerous; 10% risk of failure)
Confirm with . or Enter, or press ? or * to list all spells.
Casting: Frozen Ramparts (dangerous; 10% risk of failure)
Press: ? - help, Dir - look around, f - activate The walls around you are covered in ice.
You feel sick.
The wall freezes the hornet.
The hornet stings you but does no damage.
The wall freezes the hornet but does no damage.
The hornet misses you.
Unknown command.
Fire: b) +2 sling (flame)
Press: ? - help, Q - select action, (/) - cycle Shift-Dir - straight line, f - hornet
Aim: a hornet (moderately wounded, 50% to hit)
You shoot a sling bullet.
The sling bullet closely misses the hornet.
You feel yourself speed up.
You feel sick.
The wall freezes the hornet but does no damage.
The hornet stings you.
* * * LOW HITPOINT WARNING * * *
You are lethally poisoned!
You feel yourself slow down.
The wall freezes the hornet but does no damage.
The hornet stings you!
You die...

#.#...##.###...#.#.##.######
#.#......#.....#.......#
#.#...##.#####.#.#.##.####
###..<...........#.......#
#.....>.............##.#
#.##########..#####.##.###
#.# #..# #.##....
#.##########..#####.##.###
#.......y@...>......".....
##########..########.###
#### ###


You could see a hornet.

Vanquished Creatures
  Blork the orc (D:4)
  Jessica (D:3)
  Natasha (thrice) (D:2)
  A gnoll (D:3)
  A worm (D:2)
  3 dart slugs
  2 orcs
  6 endoplasms
  10 goblins
  3 hobgoblins
  7 jackals (D:1)
  4 quokkas
  4 ball pythons
  5 bats
  A frilled lizard (D:3)
  6 kobolds
  A rat (D:1)
59 creatures vanquished.

Notes
Turn   | Place    | Note
-------+----------+-------------------------------------------
     0 | D:1      | avis the Demigod Ice Elementalist began the quest for the
                  | Orb.
     0 | D:1      | Reached XP level 1. HP: 14/14 MP: 5/5
   284 | D:1      | Reached skill level 4 in Ice Magic
   392 | D:1      | Reached XP level 2. HP: 20/20 MP: 4/7
   532 | D:1      | Reached skill level 1 in Fighting
  1040 | D:1      | Reached XP level 3. HP: 28/28 MP: 6/9
  1069 | D:1      | Learned a level 3 spell: Frozen Ramparts
  1315 | D:2      | Noticed Natasha
  1323 | D:2      | Killed Natasha
  1609 | D:2      | Noticed Natasha
  1675 | D:2      | Killed Natasha
  1676 | D:2      | Reached XP level 4. HP: 36/36 MP: 5/11
  1860 | D:2      | Noticed Natasha
  1867 | D:2      | Killed Natasha
  1929 | D:2      | Learned a level 3 spell: Ozocubu's Armour
  2565 | D:3      | Noticed Jessica
  2566 | D:3      | Killed Jessica
  2574 | D:3      | Got Sif Muna's Guide on Terrain
  2585 | D:3      | Reached skill level 1 in Ranged Weapons
  2585 | D:3      | Reached XP level 5. HP: 45/45 MP: 12/12
  3029 | D:4      | Noticed Blork the orc
  3036 | D:4      | Killed Blork the orc
  3449 | D:4      | Identified the +6 hand axe of Offence {freeze, +Blink rC+}
  3789 | D:4      | Noticed a hornet
  3816 | D:4      | Slain by a hornet

Illustrated notes

Levels and vault maps discovered:
D:1:      spicycebolla_arrival_ecumenical, layout_loops_corners,
          minmay_misc_feat_square
D:2:      layout_basic, minmay_misc_feat_secret_circle, uniq_natasha
D:3:      layout_basic, nzn_overflow_gifts_of_might_and_magic
D:4:      layout_basic, serial_curves, eino_curves_02, eino_curves_03,
          kennysheep_generic_room_12, uniq_blork_the_orc

Skill      XL: |  1  2  3  4  5 |
---------------+----------------+-----
Ice Magic      | 4 |  4.0
Spellcasting   | 2 3 |  3.0
Fighting       | 1 2 3 |  3.0
Ranged Weapons | 1 2 |  2.7
Dodging        | |  1.7
Stealth        | |  1.7

Action                   |  1- 3 |  4- 6 || total
-------------------------+-------+-------++-------
Melee: Unarmed           |    16 |       ||    16
       Dagger            |    13 |     3 ||    16
 Fire: Sling             |       |    47 ||    47
 Cast: Freeze            |    52 |     7 ||    59
       Frozen Ramparts   |     2 |     3 ||     5
       Ozocubu's Armour  |       |     1 ||     1
 Stab: Sleeping          |     5 |     2 ||     7
Armor: Robe              |     8 |     6 ||    14
Dodge: Dodged            |    40 |    15 ||    55

Table legend: (Time is in decaauts)
 A = Elapsed time spent in this place.
 B = Non-inter-level travel time spent in this place.
 C = Inter-level travel time spent in this place.
 D = Time resting spent in this place.
 E = Time spent auto-exploring this place.
 F = Levels seen in this place.
 G = Mean time per level.
                   A        B        C        D        E       F      G
               +--------+--------+--------+--------+--------+-----+--------+
         Total |   3840 |   3596 |    244 |    669 |   2119 |   4 |  960.0 |
       Dungeon |   3840 |   3596 |    244 |    669 |   2119 |   4 |  960.0 |
               +--------+--------+--------+--------+--------+-----+--------+

Top non-repeatable levels by time:
     D:1: 1155 daAuts
     D:2: 1106 daAuts
     D:3: 821 daAuts
     D:4: 756 daAuts
